 Dungeon Crawl Stone Soup version 0.27-a0-1158-gaa87e14f67 (webtiles) character file.

Game seed: 6836037563978453228

81 avis the Chopper (level 4, -1/39 HPs)
             Began as a Hill Orc Monk on May 16, 2021.
             Succumbed to hobgoblin's curare-tipped dart
             ... on level 1 of the Dungeon.
             The game lasted 00:08:54 (2387 turns).

avis the Chopper (Hill Orc Monk)                    Turns: 2387, Time: 00:08:57

Health: -1/39      AC:  6    Str: 14    XL:     4   Next: 40%
Magic:  4/4        EV: 10    Int: 10    God:
Gold:   92         SH:  0    Dex: 19    Spells: 3/3 levels left

rFire    . . .     SeeInvis .   a - +0 hand axe
rCold    . . .     Faith    .   (no shield)
rNeg     . . .     Spirit   .   o - +0 scale mail
rPois    .         Reflect  .   (no helmet)
rElec    .         Harm     .   (no cloak)
rCorr    +         Rampage  .   (no gloves)
Will     .....                  (no boots)
Stlth    +.........             (no amulet)
HPRegen  0.13/turn              d - ring of resist corrosion
MPRegen  0.09/turn              g - +6 ring of dexterity

@: lethally poisoned (-1 -> -25), slowed, very slow
A: no striking features
a: no special abilities


You were on level 1 of the Dungeon.
You visited 1 branch of the dungeon, and saw 2 of its levels.

You collected 92 gold pieces.

Inventory:

Hand Weapons
 a - a +0 hand axe (weapon)
Missiles
 e - 6 poisoned darts (quivered)
 f - 12 sling bullets
 i - 37 arrows
 l - 30 stones
Armour
 o - a +0 scale mail (worn)
Jewellery
 d - a ring of resist corrosion (left hand)
 g - a +6 ring of dexterity (right hand)
Scrolls
 h - a scroll of brand weapon {unknown}
 j - a scroll of amnesia {unknown}
 m - 3 scrolls of noise {unknown}
 n - a scroll of teleportation
Potions
 b - a potion of flight {unknown}
 c - a potion of heal wounds
 k - a potion of attraction {unknown}


   Skills:
 - Level 3.6 Fighting
 * Level 6.7 Axes
 - Level 2.4 Dodging
 - Level 1.5 Stealth


You had 3 spell levels left.
You didn't know any spells.
Your spell library was empty.

Dungeon Overview and Level Annotations

Branches:
Dungeon (2/15)

Altars:
Vehumet

Annotations:
D:1 Terence


Message History

There is a stone staircase leading down here.
You climb downwards.
Level annotation: Terence
There is a stone staircase leading up here.
The hobgoblin shouts!
You hear a shout!
The hobgoblin throws a curare-tipped dart.
The curare-tipped dart hits you.
You are poisoned.
You have difficulty breathing.
You feel yourself slow down.
You hear an angry hiss.
Throw: 7 darts (poison)
Press: ? - help, Q - select action, (/) - cycle Shift-Dir - straight line, f - hobgoblin
Aim: a hobgoblin, quivering curare-tipped darts (62% to hit)
You throw a poisoned dart.
The poisoned dart closely misses the hobgoblin.
You feel sick.
You hear a shout!
You feel sick.
The hobgoblin throws a curare-tipped dart.
The curare-tipped dart barely misses you.
There is a stone staircase leading up here.
You feel sick.
You feel sick.
You are no longer poisoned.
There is a stone staircase leading up here.
Terence hits you with a +0 flail.
The hobgoblin throws a curare-tipped dart.
The curare-tipped dart hits you.
You are poisoned.
You have difficulty breathing.
You feel as though you will be slow longer.
Terence hits you with a +0 flail.
The hobgoblin throws a curare-tipped dart.
The curare-tipped dart hits you.
You are lethally poisoned!
You have difficulty breathing.
* * * LOW HITPOINT WARNING * * *
You feel as though you will be slow longer.
You climb upwards.
You die...

# #.##.# ## #.##.# .# #.##.##
.# ######### #.#...# .#
#.......## #.###.#
.#######........# #.# #.#
..........##.##.# #.# #.#
...........#.#..######.###.##
...........)#..@@)..........#
....[......###.###########.##
....#.##....#..## #........#
....#^##...#.#..###.########
....#_#...##.##..##.#.#
....####.........##.#.######
....# #.......#.##.#......#
....# #.........##.#.####.#
....# ##..................#


You could see Terence.

Vanquished Creatures
  Natasha (D:2)
  An adder (D:2)
  A worm (D:2)
  A dart slug (D:2)
  2 endoplasms
  A giant cockroach (D:1)
  5 goblins
  5 hobgoblins
  8 jackals
  4 kobolds (D:1)
  A quokka (D:1)
  5 ball pythons
  2 frilled lizards (D:2)
  A rat (D:1)
38 creatures vanquished.

Notes
Turn   | Place    | Note
-------+----------+-------------------------------------------
     0 | D:1      | avis the Hill Orc Monk began the quest for the Orb.
     0 | D:1      | Reached XP level 1. HP: 19/19 MP: 1/1
   542 | D:1      | Reached XP level 2. HP: 26/26 MP: 2/2
   599 | D:1      | Reached skill level 5 in Axes
   802 | D:1      | Found a faded altar of an unknown god.
  1047 | D:1      | Reached XP level 3. HP: 29/31 MP: 3/3
  1392 | D:2      | Noticed Terence
  1760 | D:2      | Found a radiant altar of Vehumet.
  1924 | D:2      | Noticed Natasha
  1944 | D:2      | Killed Natasha
  1945 | D:2      | Reached skill level 6 in Axes
  1945 | D:2      | Reached XP level 4. HP: 35/39 MP: 4/4
  2387 | D:1      | Succumbed to hobgoblin's curare-tipped dart

Illustrated notes

Levels and vault maps discovered:
D:1:      giann_bridges, layout_basic, hellmonk_ecumenical_altar_leap_of_faith,
          minivault_11, hangedman_decor_lopped, hangedman_decor_riveting,
          minmay_tall_x
D:2:      layout_basic, basic_altar, uniq_natasha, uniq_terence

Skill      XL: |  1  2  3 |
---------------+----------+-----
Axes           | 5 6 |  6.7
Fighting       | |  3.6
Dodging        | |  2.4
Stealth        | |  1.5

Action                   |  1- 3 |  4- 6 || total
-------------------------+-------+-------++-------
Melee: Hand axe          |    89 |    34 ||   123
Throw: Dart              |    21 |    11 ||    32
  Use: Scroll            |     2 |       ||     2
 Stab: Sleeping          |     2 |       ||     2
Armor: Robe              |     7 |       ||     7
       Scale mail        |     2 |    11 ||    13
Dodge: Dodged            |    62 |    15 ||    77

Table legend: (Time is in decaauts)
 A = Elapsed time spent in this place.
 B = Non-inter-level travel time spent in this place.
 C = Inter-level travel time spent in this place.
 D = Time resting spent in this place.
 E = Time spent auto-exploring this place.
 F = Levels seen in this place.
 G = Mean time per level.
                   A        B        C        D        E       F      G
               +--------+--------+--------+--------+--------+-----+--------+
         Total |   2408 |   2218 |    190 |    711 |    976 |   2 | 1204.0 |
       Dungeon |   2408 |   2218 |    190 |    711 |    976 |   2 | 1204.0 |
               +--------+--------+--------+--------+--------+-----+--------+

Top non-repeatable levels by time:
     D:1: 1711 daAuts
     D:2: 696 daAuts
